 Dungeon Crawl Stone Soup version 0.29-a0-334-gb41bcbb86e (webtiles) character file.

Game seed: 18052696151638400012

1018 spaghetti the Conjurer (level 8, 0/51 HPs)
             Began as an Octopode Fire Elementalist on Apr 14, 2022.
             Slain by an orc
             ... wielding a +0 war axe
              (10 damage)
             ... on level 5 of the Dungeon.
             The game lasted 00:09:09 (6415 turns).

spaghetti the Conjurer (Octopode Fire Elementalist) Turns: 6415, Time: 00:09:10

Health: 0/51       AC:  1    Str:  5 (7)  XL:     8   Next: 22%
Magic:  23/23      EV: 14    Int: 14 (15) God:
Gold:   174        SH:  0    Dex: 16 (19) Spells: 6/15 levels left

rFire   + . .      SeeInvis .   B - +8 long sword "Beetlebane" {distort, rF+ Int-4 Dex+6, long}
rCold   + . .      Faith    .   n - +0 buckler
rNeg    . . .      Spirit   .   (helmet restricted)
rPois   .          Reflect  .   (no amulet)
rElec   +          Harm     .   c - ring of magical power
rCorr   .          Rampage  .   o - ring of protection from cold
Will    +....                   y - ring of willpower
Stlth   ++........              (no ring)
HPRegen 0.17/turn               (no ring)
MPRegen 0.18/turn               (no ring)
                                (no ring)
                                (no ring)

@: confused, ambrosia-drunk, unable to read
A: almost no armour, amphibious, 8 rings, camouflage 1, gelatinous body 1,
(nimble swimmer 1), tentacles, robust 1, electricity resistance, inability to
read while threatened
a: no special abilities


You were on level 5 of the Dungeon.
You visited 1 branch of the dungeon, and saw 5 of its levels.

You collected 174 gold pieces.


Innate Abilities, Weirdness & Mutations

You cannot wear most types of armour.
You are amphibious.
You can wear up to eight rings at the same time.
Your skin changes colour to match your surroundings (Stealth+).
Your rubbery body absorbs attacks. (AC +1, EV +1)
((You are camouflaged when in or above water. (Stealth+)))
You have tentacles for arms and can constrict up to eight enemies at once.
You are robust. (+10% HP)
You are resistant to electric shocks. (rElec)
You sometimes lose the ability to read scrolls when taking damage.


   Skills:
 + Level 0.3 Fighting
 * Level 3.0 Long Blades
 * Level 3.7 Dodging
 - Level 2.6 Stealth
 - Level 4.0 Spellcasting
 - Level 6.0 Conjurations
 - Level 4.0 Fire Magic
 - Level 2.0 Earth Magic


You had 6 spell levels left.
You knew the following spells:

 Your Spells              Type           Power      Damage    Failure   Level
a - Foxfire               Conj/Fire      64%        2x1d7     3%          1
b - Scorch                Fire           28%        2d6       8%          2
c - Conjure Flame         Conj/Fire      16%        6-21      10%         3
d - Stone Arrow           Conj/Erth      28%        3d8       16%         3

Your spell library contained the following spells:

 Spells                   Type           Power      Damage    Failure   Level
 Sandblast                Erth           16%        2d6       12%         1
 Passwall                 Tmut/Erth      4%         N/A       26%         2
 Flame Wave               Conj/Fire      16%        2d6       32%         4
 Inner Flame              Hex/Fire       8%         N/A       34%         3
 Call Canine Familiar     Summ           2%         N/A       61%         3
 Portal Projectile        Hex/Tloc       4%         N/A       61%         3
 Leda's Liquefaction      Hex/Erth       2%         N/A       86%         4

Inventory:

Hand Weapons
 f - a +0 club {mace}
   (You took it off a goblin on level 1 of the Dungeon)
 g - a +0 club {mace}
   (You took it off a goblin on level 1 of the Dungeon)
 h - a +0 club {mace}
   (You took it off a goblin on level 1 of the Dungeon)
 j - a +0 club {mace}
   (You took it off a goblin on level 1 of the Dungeon)
 s - a +3 spear {polearm}
   (You found it on level 4 of the Dungeon)
 B - the +8 long sword "Beetlebane" (weapon) {distort, rF+ Int-4 Dex+6, long}
   (You found it on level 4 of the Dungeon)

   It warps and distorts space around it, and may blink, banish, or inflict
   extra damage upon those it strikes.
   Unwielding it can cause banishment or high damage.
   Int:       It affects your intelligence (-4).
   Dex:       It affects your dexterity (+6).
   rF:        It protects you from fire.
Missiles
 b - 201 stones (quivered) {throwing}
 D - 3 throwing nets {=f!fthrowing}
Armour
 n - a +0 buckler (worn)
   (You found it on level 2 of the Dungeon)
Jewellery
 c - a ring of magical power (left tentacle)
   (You found it on level 1 of the Dungeon)
 m - a ring of flight
   (You found it on level 2 of the Dungeon)
 o - a ring of protection from cold (right tentacle)
   (You found it on level 2 of the Dungeon)
 y - a ring of willpower (on tentacle)
   (You found it on level 4 of the Dungeon)
Wands
 t - a wand of flame (14)
   (You found it on level 4 of the Dungeon)
Scrolls
 d - a scroll of blinking {unknown}
 k - a scroll of noise {unknown}
 l - 3 scrolls of identify {unknown}
 q - a scroll of amnesia {unknown}
 r - a scroll of summoning {unknown}
 u - a scroll of immolation {unknown}
 x - a scroll of magic mapping {unknown}
Potions
 a - 3 potions of magic
 e - a potion of mutation {!q}
 z - a potion of brilliance {unknown}
 A - a potion of might {unknown}
 C - a potion of resistance {unknown}

Dungeon Overview and Level Annotations

Branches:
Dungeon (5/15)
 Temple: D:4-7

Altars:
Qazlal

Shops:
D:2

[ ....... .. ......#
.. ##....(.(. .
........... #.
#..........
##.##.O(........#≈
#...ho).........≈≈≈
#...@##.........≈≈...
##...............≈≈..
###..g........##≈≈##
##..........##.≈.#
##............≈..
##...........≈≈..
#...#.........≈≈.
#..##..##......≈.
#.......###....≈.


You could see an ogre, a hound, a gnoll and an orc.


Message History

Space warps horribly around the iguana!!
You kill the iguana!
The orc priest mumbles some strange prayers to Beogh against you.
Pain shoots through your body!
You are too injured to fight recklessly!
You are too injured to fight recklessly! 😮 HP[-13]
You take 13 damage, and now have 37/50 hp.
MASSIVE DAMAGE!! (PAUSE)
Casting: Foxfire (safe; 3% risk of failure)
Confirm with . or Enter, or press ? or * to list all spells.
Flames lash the orc priest.
The orc priest's fire resistance burns away. 😕 HP[+1] MP[-2]
You lost 2 mp, and now have 21/23 mp.
Casting: Scorch (safe; 7% risk of failure)
Confirm with . or Enter, or press ? or * to list all spells.
You conjure some foxfire!
The orc hits you with a +0 mace. You block the orc priest's attack.
The orc priest closely misses your foxfire.
The orc priest hits your foxfire with a +0 hand axe. 😮 HP[-3] MP[-1]
You take 3 damage, and now have 35/50 hp.
You lost 1 mp, and now have 20/23 mp.
Casting: Foxfire (safe; 3% risk of failure)
Confirm with . or Enter, or press ? or * to list all spells.
You conjure some foxfire!
The orc priest is no longer more vulnerable to fire.
The foxfire hits the orc priest but does no damage.
The foxfire hits the orc priest.
An orc comes into view. It is wielding a +0 war axe.
You block the orc's attack.
The orc priest barely misses you. 😮 MP[-1]
You lost 1 mp, and now have 19/23 mp.
Casting: Foxfire (safe; 3% risk of failure)
Confirm with . or Enter, or press ? or * to list all spells.
You conjure some foxfire!
The foxfire hits the orc priest.
The orc misses you.
The orc priest looks braver for a moment. 😮 MP[-1]
You lost 1 mp, and now have 18/23 mp.
Casting: Foxfire (safe; 3% risk of failure)
Confirm with . or Enter, or press ? or * to list all spells.
Flames lash the orc.
You kill the orc!
The foxfire hits the orc priest. x2
The foxfire hits the orc priest but does no damage.
You block the orc's attack.
You block the orc priest's attack. 😮 MP[-2]
You lost 2 mp, and now have 16/23 mp.
You slash the orc priest!
You kill the orc priest!
You block the gnoll's attack. The orc hits you with a +0 mace.
The gnoll hits you from afar with a +0 spear.
You feel threatened and lose the ability to read scrolls!
The orc closely misses you.
A hound comes into view.
Your Long Blades skill increases to level 3! 😮 HP[-8] MP[+1]
You now have 51 max hp (+1).
You take 8 damage, and now have 27/51 hp.
Unknown command.
You hit the orc.
Space warps horribly around the orc.
Your grab misses the orc. The gnoll closely misses you.
The orc closely misses you.
You barely miss the orc. You grab the orc.
You constrict the orc, but do no damage.
The gnoll hits you from afar with a +0 spear.
* * * LOW HITPOINT WARNING * * *
The orc closely misses you. 😨 HP[-6]
You take 6 damage, and now have 21/51 hp.
You cannot read scrolls in your current state!
Unknown command.
Okay, then.
Okay, then.
It was a potion of degeneration.
There was something very wrong with that liquid.
You feel weakened.
You feel dopey.
You feel clumsy.
You constrict the orc, but do no damage.
The gnoll hits you from afar with a +0 spear!
* * * LOW HITPOINT WARNING * * *
The orc misses you. 😨 HP[-7]
You take 7 damage, and now have 14/51 hp.
It was a potion of cancellation.
Your magical effects are unravelling.
You feel magically purged.
The sentinel's mark upon you fades away.
You constrict the orc, but do no damage.
The gnoll barely misses you. The orc closely misses you.
The orc hits you with a +0 war axe!
* * * LOW HITPOINT WARNING * * *
The hound barely misses you. 😱 HP[-9] MP[+1]
You take 9 damage, and now have 5/51 hp.
It was a potion of ambrosia.
You are confused.
You feel invigorated.
You constrict the orc.
You kill the orc!
The orc hits you with a +0 war axe!
You die...

Skill      XL: |  1  2  3  4  5  6  7  8 |
---------------+-------------------------+-----
Conjurations   | 2 3 4 5 6 |  6.0
Fire Magic     | 4 |  4.0
Spellcasting   | 3 4 |  4.0
Earth Magic    | 2 |  2.0
Long Blades    | 2 3 |  3.0
Dodging        | 3 |  3.7
Fighting       | |  0.3
Stealth        | |  2.6

Action                   |  1- 3 |  4- 6 |  7- 9 || total
-------------------------+-------+-------+-------++-------
Melee: Unarmed           |     5 |       |       ||     5
       Constrict         |     5 |     1 |     4 ||    10
       Tentacles         |     2 |     1 |     4 ||     7
       Club              |    14 |     2 |     4 ||    20
       Long sword        |       |       |    12 ||    12
       Punch             |       |       |     1 ||     1
Throw: Stone             |       |       |    16 ||    16
 Cast: Foxfire           |    67 |    66 |    45 ||   178
       Scorch            |    16 |    16 |    37 ||    69
       Stone Arrow       |       |     5 |     4 ||     9
       Conjure Flame     |       |     1 |       ||     1
  Use: Potion            |       |     3 |     5 ||     8
       Scroll            |       |     1 |       ||     1
 Stab: Sleeping          |     1 |       |       ||     1
Armor: Skin              |     6 |     1 |     2 ||     9
Dodge: Dodged            |    24 |    11 |    29 ||    64
Block: Buckler           |       |     3 |    12 ||    15

Levels and vault maps discovered:
D:1:      onia_arrival_mini_maze, layout_loops_ring
D:2:      layout_basic, serial_shops, nicolae_diamond_shop, basic_altar,
          hangedman_decor_clover_reticule
D:3:      layout_basic, basic_ecumenical_altar, gammafunk_ghost_split
D:4:      layout_basic, kennysheep_windowed_goal
D:5:      layout_cave_pools, serial_rivers, chequers_serial_rivers_small_3,
          chequers_serial_rivers_small_a, chequers_serial_rivers_large_b,
          chequers_serial_rivers_micro_d, chequers_serial_rivers_large_a,
          kennysheep_nondescript

Notes
Turn   | Place    | Note
-------+----------+-------------------------------------------
     0 | D:1      | spaghetti the Octopode Fire Elementalist began the quest
                  | for the Orb.
     0 | D:1      | Reached XP level 1. HP: 11/11 MP: 3/3
     0 | D:1      | magus.rc [v1.9.6]
   353 | D:1      | Reached XP level 2. HP: 17/17 MP: 5/5
   676 | D:1      | HP: 4/17 [constriction (1)]
   966 | D:1      | Reached skill level 2 in Conjurations
  1184 | D:1      | Reached XP level 3. HP: 21/21 MP: 6/6
  1187 | D:1      | Learned a level 2 spell: Scorch
  1191 | D:1      | Learned a level 3 spell: Conjure Flame
  1778 | D:2      | You pick up a book of Geomancy and begin reading...
  1778 | D:2      | You add the spells Sandblast, Passwall and Stone Arrow to
                  | your library.
  1788 | D:2      | Found Qiraunwao's Armour Shoppe.
  2235 | D:2      | Found a stormy altar of Qazlal.
  2825 | D:3      | Reached XP level 4. HP: 23/27 MP: 7/7
  2967 | D:3      | Found a runed translucent gate.
  2967 | D:3      | Found a runed translucent gate.
  2969 | D:3      | Found a runed translucent gate.
  2969 | D:3      | Noticed a scorpion
  2976 | D:3      | Noticed buzzbuzz's ghost (amateur GnWn)
  2979 | D:3      | Noticed a scorpion
  3085 | D:3      | Found a faded altar of an unknown god.
  3559 | D:3      | Reached skill level 4 in Fire Magic
  3896 | D:3      | Killed a scorpion
  3897 | D:3      | Reached skill level 3 in Spellcasting
  3897 | D:3      | Reached skill level 3 in Conjurations
  3897 | D:3      | Reached XP level 5. HP: 14/31 MP: 9/9
  3897 | D:3      | Gained mutation: You are robust. (+10% HP) [potion of
                  | mutation]
  3897 | D:3      | Gained mutation: You are resistant to electric shocks.
                  | (rElec) [potion of mutation]
  3897 | D:3      | Gained mutation: You sometimes lose the ability to read
                  | scrolls when taking damage. [potion of mutation]
  4217 | D:3      | Killed buzzbuzz's ghost
  4218 | D:3      | Reached skill level 4 in Spellcasting
  4218 | D:3      | Reached skill level 4 in Conjurations
  4218 | D:3      | Reached XP level 6. HP: 30/39 MP: 4/12
  4318 | D:3      | Learned a level 3 spell: Stone Arrow
  4329 | D:3      | You pick up a book of the Hunter and begin reading...
  4329 | D:3      | You add the spells Call Canine Familiar, Portal Projectile
                  | and Leda's Liquefaction to your library.
  4396 | D:4      | Reached skill level 5 in Conjurations
  4505 | D:4      | Reached XP level 7. HP: 32/45 MP: 1/13
  4806 | D:4      | Reached skill level 1 in Earth Magic
  4971 | D:4      | Reached skill level 2 in Earth Magic
  5078 | D:4      | Reached skill level 6 in Conjurations
  5488 | D:4      | Identified the +8 long sword "Beetlebane" {distort, rF+
                  | Int-4 Dex+6}
  5563 | D:5      | Entered Level 5 of the Dungeon
  5724 | D:5      | Reached skill level 1 in Long Blades
  5873 | D:5      | Reached skill level 2 in Long Blades
  5873 | D:5      | Reached skill level 3 in Dodging
  5873 | D:5      | Reached XP level 8. HP: 35/50 MP: 9/14
  5998 | D:5      | HP: 12/50 [scorpion (5)]
  6008 | D:5      | HP: 12/50 [gnoll shaman/+0 club (5)]
  6033 | D:5      | HP: 4/50 [gnoll/+0 spear (8)]
  6411 | D:5      | Reached skill level 3 in Long Blades
  6414 | D:5      | HP: 5/51 [orc/+0 war axe (9)]
  6415 | D:5      | Slain by an orc

Vanquished Creatures
  The ghost of buzzbuzz the Carver, an amateur GnWn (D:3)
  An ogre (D:4)
  A necrophage (D:5)
  4 scorpions
  A gnoll shaman (D:5)
  3 hounds
  An orc priest (D:5)
  A jelly (D:4)
  2 iguanas (D:5)
  8 gnolls (D:5)
  3 adders
  2 shadow imps
  2 worms
  A dart slug (D:2)
  10 orcs
  8 endoplasms
  2 giant cockroaches
  10 goblins
  9 hobgoblins
  4 jackals (D:3)
  5 quokkas
  5 ball pythons
  5 bats
  3 frilled lizards (D:1)
  6 kobolds
  7 rats
105 creatures vanquished.

Vanquished Creatures (others)
  253 foxfires
253 creatures vanquished.

Grand Total: 358 creatures vanquished

Table legend:
 A = Non-vault XP
 B = Vault XP
 C = Vault XP percentage of total XP
 D = Non-vault monster count
 E = Vault monster count
 F = Vault count percentage of total count
                 A         B        C        D         E       F
            +---------+---------+-------+---------+---------+-------
      Total |    1018 |     440 |  30.2 |      99 |       6 |   5.7
            +---------+---------+-------+---------+---------+-------
        D:1 |      42 |       1 |   2.3 |      27 |       1 |   3.6
        D:2 |      37 |       0 |   0.0 |      12 |       0 |   0.0
        D:3 |      45 |     437 |  90.7 |      17 |       4 |  19.0
        D:4 |     384 |       2 |   0.5 |      21 |       1 |   4.5
        D:5 |     510 |       0 |   0.0 |      22 |       0 |   0.0
            +---------+---------+-------+---------+---------+-------

Illustrated notes

Table legend:
 A = Kills in this place as a percentage of kills in entire the game.
 B = Kills by you in this place as a percentage of kills by you in the entire game.
 C = Kills by friends in this place as a percentage of kills by friends in the entire game.
 D = Other kills in this place as a percentage of other kills in the entire game.
 E = Experience gained in this place as a percentage of experience gained in the entire game.
 F = Experience gained in this place divided by the number of levels of this place that you have seen.
                   A       B       C       D       E      F
               +-------+-------+-------+-------+-------+----------------------
         Total | 100.0 | 100.0 |   N/A |   N/A | 100.0 | 291.6
       Dungeon | 100.0 | 100.0 |   N/A |   N/A | 100.0 | 291.6
               +-------+-------+-------+-------+-------+----------------------

Table legend: (Time is in decaauts)
 A = Elapsed time spent in this place.
 B = Non-inter-level travel time spent in this place.
 C = Inter-level travel time spent in this place.
 D = Time resting spent in this place.
 E = Time spent auto-exploring this place.
 F = Levels seen in this place.
 G = Mean time per level.
                   A        B        C        D        E       F      G
               +--------+--------+--------+--------+--------+-----+--------+
         Total |   6425 |   6177 |    248 |   1016 |   4464 |   5 | 1285.0 |
       Dungeon |   6425 |   6177 |    248 |   1016 |   4464 |   5 | 1285.0 |
               +--------+--------+--------+--------+--------+-----+--------+

Top non-repeatable levels by time:
     D:1: 1725 daAuts
     D:3: 1604 daAuts
     D:4: 1501 daAuts
     D:2: 1048 daAuts
     D:5: 545 daAuts
